Map: Kairos Junction LE

Players

MaNa - Winner!

  • Race: Protoss Protoss
  • Spawn Location: 11:00

souL

  • Race: Terran Terran
  • Spawn Location: 5:00

Event: 2019 WCS Summer

VOD

Have the link to the VOD?

Description

Time

  • Played on: July 12, 2019, 2:39 p.m.
  • Length: 9:34

All games in this series

Show
View Real Time Build Order
Export as new Build Order

MaNa Protoss - Winner!

Build Orders: 1 Gate Expand, Double Forge, Blink Stalkers 

Get SALT Encoding   

  12  0:00  Probe  
  13  0:12  Probe  
  14  0:17  Pylon  
  14  0:24  Probe  
  15  0:32  Probe  
  15  0:37  Gateway  
  15  0:40  Probe  
  16  0:49  Assimilator  
  17  0:51  Probe  
  18  1:03  Probe  
  19  1:15  Probe  
  20  1:23  Nexus  
  20  1:32  Cybernetics Core  
  20  1:35  Probe  
  21  1:43  Assimilator  
  21  1:47  Probe  
  21  1:51  Pylon  
  22  1:58  Probe  
  23  2:06  Probe  
  23  2:09  Adept  
  23  2:13  Warp Gate  
  23  2:14  Probe  
  27  2:25  Probe  
  28  2:30  Twilight Council  
  28  2:32  Probe  
  28  2:34  Probe  
  29  2:39  Sentry  
  29  2:40  Probe  
  29  2:42  Probe  
  32  2:50  Probe  
  34  2:52  Probe, Gateway  
  36  2:58  Stalker  
  36  3:02  Probe  
  36  3:04  Probe  
  40  3:14  Probe, Blink  
  40  3:16  Probe  
  42  3:25  Stalker  
  42  3:26  Probe  
  43  3:28  Probe  
  44  3:43  Probe  
  42  3:49  Probe  
  42  3:54  Robotics Facility  
  42  3:59  Probe  
  42  4:00  Pylon  
  42  4:01  Probe  
  44  4:03  Nexus  
  44  4:05  Stalker  
  46  4:10  Pylon  
  46  4:18  Probe x2  
  46  4:19  Stalker  
  46  4:21  Pylon  
  46  4:23  Assimilator  
  50  4:27  Stalker  
  50  4:30  Probe x2  
  54  4:35  Observer  
  54  4:43  Probe x2, Forge  
  54  4:44  Forge  
  57  4:49  Observer  
  57  4:51  Stalker  
  57  4:52  Stalker  
  61  4:55  Probe x2  
  64  5:01  Pylon  
  64  5:07  Probe x2  
  64  5:12  Protoss Ground Weapons Level 1  
  64  5:13  Protoss Ground Armor Level 1  
  66  5:15  Gateway  
  66  5:16  Gateway  
  66  5:21  Probe x2  
  66  5:22  Probe  
  66  5:26  Gateway  
  69  5:30  Gateway  
  69  5:36  Gateway  
  69  5:39  Observer  
  69  5:41  Probe x3  
  73  5:43  Pylon  
  73  5:48  Stalker  
  73  5:49  Stalker  
  76  5:56  Charge  
  73  5:59  Probe x2  
  73  6:00  Probe  
  75  6:11  Probe x2  
  75  6:12  Probe, Immortal  
  79  6:23  Probe x2  
  79  6:24  Stalker, Probe  
  81  6:35  Probe  
  81  6:36  Probe x2  
  84  6:43  Stalker  
  84  6:44  Stalker x4  
  91  6:48  Probe x3, Immortal  
  101  7:03  Zealot  
  100  7:08  Pylon  
  100  7:09  Pylon  
  100  7:11  Stalker, Probe  
  100  7:12  Probe  
  101  7:19  Pylon  
  101  7:20  Immortal  
  101  7:21  Pylon  
  101  7:26  Probe x2  
  103  7:31  Zealot  
  103  7:32  Zealot x3  
  115  7:38  Probe  
  108  7:49  Warp Prism  
  104  7:51  Zealot x4  
  104  7:52  Zealot x3  
  104  7:53  Probe x2  
  118  8:11  Stalker x2  
  118  8:12  Stalker x3  
  128  8:13  Stalker  
  109  8:40  Zealot  
  109  8:41  Zealot x6  
  101  9:01  Zealot x7  
  107  9:21  Zealot x3  
  107  9:22  Zealot x4  
Show
View Real Time Build Order
Export as new Build Order

souL Terran 

Build Orders:  

Get SALT Encoding   

  12  0:00  SCV  
  13  0:14  SCV  
  14  0:17  Supply Depot  
  14  0:26  SCV  
  15  0:39  SCV  
  15  0:42  Barracks  
  16  0:45  Refinery  
  16  0:51  SCV  
  17  1:03  SCV  
  18  1:17  SCV  
  19  1:31  Orbital Command, Barracks Reactor  
  19  1:44  Command Center  
  19  1:53  Supply Depot  
  20  2:04  Factory  
  20  2:08  Marine x2  
  21  2:12  SCV  
  22  2:24  SCV  
  22  2:25  Marine  
  22  2:26  Marine  
  22  2:27  Refinery  
  25  2:36  SCV  
  26  2:48  SCV  
  26  2:49  Starport  
  27  2:54  Hellion x2  
  31  2:59  Barracks Tech Lab  
  31  3:01  SCV  
  32  3:05  Orbital Command  
  32  3:13  SCV  
  32  3:25  SCV  
  32  3:27  Viking, Marine  
  35  3:33  SCV  
  37  3:37  SCV  
  37  3:39  Marine  
  37  3:45  SCV  
  34  3:49  SCV  
  34  3:51  Marine  
  34  3:56  Supply Depot  
  34  3:57  SCV  
  34  4:01  SCV  
  36  4:04  Bunker  
  36  4:05  Factory Tech Lab, Cloaking Field  
  36  4:09  SCV  
  37  4:11  Banshee  
  37  4:12  Marine  
  37  4:13  Supply Depot  
  37  4:14  SCV  
  42  4:21  SCV  
  43  4:25  Refinery  
  43  4:26  Barracks, Marine, SCV  
  43  4:29  Marine  
  46  4:33  SCV  
  46  4:34  Barracks  
  46  4:38  Siege Tank, SCV  
  51  4:45  SCV, Supply Depot  
  51  4:47  Marine  
  51  4:50  SCV  
  54  4:53  Engineering Bay  
  54  4:58  Banshee, SCV  
  58  5:02  SCV  
  58  5:06  Supply Depot  
  59  5:07  Supply Depot  
  59  5:10  Marine, SCV  
  61  5:14  SCV  
  62  5:21  Terran Infantry Weapons Level 1  
  62  5:22  SCV  
  62  5:23  Barracks Tech Lab  
  62  5:24  Refinery  
  62  5:26  SCV  
  64  5:29  Factory Reactor, Supply Depot  
  64  5:30  Stimpack, Marine  
  64  5:31  Marine  
  64  5:34  SCV  
  67  5:38  SCV, Supply Depot  
  67  5:41  Combat Shield  
  68  5:46  SCV  
  68  5:48  Marine, Marauder  
  68  5:49  Marine  
  73  6:07  Command Center, Supply Depot  
  73  6:09  Marauder  
  73  6:10  Marauder  
  76  6:14  Starport Reactor  
  76  6:17  Marine  
  77  6:21  Widow Mine x2  
  77  6:24  Marine  
  82  6:31  Marauder x2  
  86  6:33  Supply Depot  
  86  6:35  Marine  
  86  6:37  Barracks  
  87  6:41  Barracks  
  87  6:42  Marine  
  85  6:51  Medivac x2  
  85  6:52  Marauder  
  85  6:53  Marine, Marauder  
  95  6:54  Widow Mine x2  
  95  6:58  Supply Depot  
  95  7:00  Concussive Shells, Marine  
  96  7:02  Supply Depot  
  96  7:11  Marine  
  96  7:13  Marauder  
  96  7:15  Marauder, Widow Mine  
  101  7:18  Marine  
  101  7:20  Orbital Command  
  101  7:21  Medivac x2  
  105  7:29  Marine  
  101  7:30  Widow Mine  
  101  7:32  Barracks Reactor  
  101  7:33  Marine  
  101  7:35  Marine, Marauder  
  109  7:37  Marine, Widow Mine  
  101  7:46  Marine  
  101  7:51  Marine, Medivac  
  97  7:52  Orbital Command  
  97  7:53  Marine  
  97  7:55  Marine, Marauder  
  102  7:59  SCV x2  
  102  8:04  Marine  
  105  8:05  Medivac  
  105  8:09  Marauder  
  105  8:11  Marine, SCV  
  111  8:14  Marauder, SCV, Missile Turret  
  111  8:15  Marine  
  111  8:16  Marine  
  111  8:17  Marine  
  117  8:22  Marine  
  100  8:29  Marine, Medivac  
  100  8:30  Marine  
  100  8:32  Marine  
  91  8:34  Marine  
  91  8:35  Marine, Marauder  
  91  8:40  Marine  
  87  8:42  Medivac  
  87  8:47  Marine  
  86  8:48  Marauder  
  86  8:50  Marine  
  86  8:52  Marine  
  86  8:53  Marine  
  86  8:55  Widow Mine x2  
  89  8:56  Marine  
  89  8:58  Marine  
  89  8:59  Medivac  
  93  9:04  Marine  
  93  9:08  Marine  
  95  9:10  Marauder, Marine  
Tags
 
Add a new tag
Caveats
  • Supply blocks, unpowered buildings, or Contaminate may cause inaccurate times.
  • Supply counts are checked every 10 seconds.